Map: Eternal Empire LE

Players

Control

  • Race: Terran Terran
  • League: Diamond
  • Spawn Location: 1:00

Zeitgeist - Winner!

  • Race: Zerg Zerg
  • League: Diamond
  • Spawn Location: 7:00

VOD

Have the link to the VOD?

Description

Time

  • Played on: Sept. 13, 2020, 12:31 p.m.
  • Length: 14:09
Show
View Real Time Build Order
Export as new Build Order

Control Terran 

Build Orders: Reaper Expand 

Get SALT Encoding   

  12  0:00  SCV  
  13  0:12  SCV  
  14  0:17  Supply Depot  
  14  0:25  SCV  
  15  0:39  SCV  
  15  0:40  Barracks  
  16  0:44  Refinery  
  16  0:51  SCV  
  17  1:03  SCV  
  18  1:15  SCV  
  19  1:27  Reaper  
  19  1:28  Orbital Command  
  20  1:42  Command Center  
  20  1:54  SCV  
  21  1:56  Supply Depot  
  21  1:59  Marine  
  22  2:06  SCV  
  23  2:18  SCV  
  24  2:24  Barracks Reactor  
  24  2:25  Factory  
  24  2:30  SCV  
  24  2:31  Refinery  
  24  2:42  SCV  
  25  2:54  Orbital Command  
  25  2:57  SCV  
  26  3:11  Starport  
  26  3:12  SCV  
  27  3:18  Hellion x2, Supply Depot  
  31  3:20  Barracks Tech Lab  
  31  3:23  SCV  
  31  3:24  SCV  
  33  3:35  SCV  
  33  3:36  SCV  
  35  3:45  Hellion x2  
  35  3:46  Marine  
  35  3:47  SCV, Stimpack  
  35  3:48  Medivac  
  43  3:50  SCV  
  43  3:55  Supply Depot  
  44  3:59  SCV  
  44  4:02  SCV  
  46  4:07  Command Center  
  42  4:12  SCV  
  42  4:14  SCV  
  44  4:17  Engineering Bay  
  44  4:19  Engineering Bay  
  44  4:24  SCV  
  44  4:25  Liberator  
  49  4:31  SCV  
  49  4:39  Barracks  
  49  4:41  Barracks  
  49  4:44  Supply Depot  
  49  4:51  Marine  
  54  4:56  Widow Mine x2  
  54  4:58  Terran Infantry Weapons Level 1, Terran Infantry Armor Level 1  
  54  5:03  SCV x2  
  54  5:04  Refinery  
  56  5:09  Supply Depot  
  56  5:15  SCV x2, Marine  
  56  5:16  Starport Reactor  
  56  5:18  Widow Mine x2  
  56  5:20  Orbital Command  
  63  5:26  Barracks Reactor  
  63  5:27  SCV x2  
  65  5:30  Barracks Reactor  
  65  5:33  Marine  
  66  5:39  SCV x2, Supply Depot  
  66  5:41  Orbital Command  
  68  5:48  Armory  
  68  5:50  Marine  
  69  6:05  Marine x2  
  69  6:06  Marine x2  
  69  6:07  Widow Mine x2  
  69  6:08  Marine  
  75  6:19  SCV x3  
  78  6:25  Marine  
  78  6:26  Marine x4  
  78  6:31  SCV x3  
  86  6:33  Barracks  
  86  6:34  Barracks  
  86  6:36  Refinery, Barracks  
  86  6:43  SCV x3, Marine x2  
  86  6:44  Combat Shield, Marauder  
  86  6:45  Medivac  
  95  6:51  Marine  
  95  6:52  Marine  
  97  6:55  SCV x3  
  100  7:01  Marine  
  101  7:10  SCV, Marine  
  101  7:11  Marine  
  100  7:16  Marauder  
  100  7:17  Marine  
  100  7:18  Medivac  
  101  7:25  Supply Depot x2  
  101  7:26  Supply Depot x2  
  101  7:28  Medivac  
  101  7:30  Terran Infantry Weapons Level 2  
  101  7:32  Supply Depot  
  101  7:35  SCV x3  
  104  7:37  Barracks Reactor x2  
  104  7:38  Barracks Reactor  
  104  7:40  Barracks Tech Lab  
  104  7:41  Marine x5  
  109  7:47  SCV x3, Widow Mine x2  
  109  7:49  Supply Depot  
  116  7:59  Marine x4  
  116  8:00  Barracks x2  
  116  8:01  Terran Vehicle And Ship Armor Level 1, Factory  
  120  8:07  Missile Turret  
  120  8:10  Concussive Shells  
  120  8:11  Marauder, Marine  
  123  8:17  Marine x3  
  123  8:18  Marauder  
  128  8:24  Refinery  
  128  8:26  Refinery  
  128  8:28  Supply Depot  
  128  8:29  Marine x4  
  128  8:30  Command Center, Marine  
  128  8:32  Marine  
  128  8:33  Widow Mine  
  136  8:35  Marine x3  
  136  8:39  Marauder  
  139  8:52  Marine x9  
  139  8:53  Marine x2  
  150  9:00  Marine  
  112  9:10  Marine x5  
  112  9:14  Marine x6  
  112  9:16  Widow Mine  
  125  9:18  Marine, Factory Tech Lab  
  125  9:19  Medivac  
  128  9:28  Marine x5  
  128  9:32  Marine x5  
  130  9:43  Marauder  
  132  9:45  Orbital Command  
  132  9:49  Terran Infantry Armor Level 2  
  132  9:50  Terran Infantry Weapons Level 3  
  132  9:51  SCV  
  133  10:02  Supply Depot  
  133  10:03  Marauder, Marine x3  
  133  10:04  Marauder, Marine x7  
  133  10:05  Widow Mine  
  138  10:21  Marine x2  
  138  10:25  Barracks Reactor, Marauder, Barracks Tech Lab  
  138  10:26  Marauder  
  144  10:32  Drilling Claws  
  144  10:33  Widow Mine  
  144  10:34  Medivac, Widow Mine  
  144  10:35  Widow Mine  
  152  10:37  Marine x6  
  152  10:39  Marine x2  
  152  10:42  Orbital Command  
  160  10:46  Marauder  
  160  10:47  Marauder  
  164  10:54  Widow Mine  
  164  10:55  Marine x6  
  172  10:57  Supply Depot x2  
  172  11:00  Supply Depot  
  172  11:01  Supply Depot  
  172  11:13  Marine  
  172  11:14  Marine x12  
  185  11:31  Marine x5  
  185  11:32  Marine x7, Widow Mine  
  199  11:47  Marine  
  196  12:19  Marauder x2  
  200  12:43  Barracks  
  200  12:45  Barracks x3  
  200  12:47  Barracks  
  200  12:51  Barracks x2  
  115  13:24  Marine x13  
  115  13:26  Widow Mine x3  
  115  13:27  Medivac x2  
  91  13:41  Marine  
  91  13:42  Marine x12  
  91  13:46  Barracks Reactor  
  91  13:47  Barracks Tech Lab  
  104  13:52  Barracks Reactor x2  
  104  13:53  Barracks Tech Lab  
  104  13:59  Barracks Reactor  
Show
View Real Time Build Order
Export as new Build Order

Zeitgeist Zerg - Winner!

Build Orders: Hatch First, Lurkers 

Get SALT Encoding   

  12  0:00  Drone  
  13  0:12  Overlord  
  13  0:16  Drone  
  14  0:30  Drone x2  
  16  0:51  Hatchery  
  16  0:53  Drone  
  16  0:56  Drone  
  17  1:03  Drone  
  18  1:05  Extractor  
  17  1:17  Spawning Pool  
  16  1:23  Drone  
  16  1:24  Drone  
  18  1:28  Drone  
  19  1:38  Drone  
  20  1:59  Overlord  
  20  2:04  Queen x2  
  20  2:06  Metabolic Boost  
  24  2:15  Zergling x4  
  26  2:16  Zergling x2  
  26  2:22  Drone x2  
  29  2:26  Drone  
  30  2:46  Drone x3  
  33  2:56  Drone x2  
  35  3:00  Hatchery  
  35  3:03  Drone  
  35  3:08  Drone  
  35  3:11  Overlord  
  36  3:17  Overlord  
  36  3:29  Queen  
  38  3:34  Drone x3  
  38  3:35  Drone  
  38  3:36  Zergling x4  
  38  3:41  Drone  
  45  3:48  Overlord, Drone  
  46  3:49  Drone x2  
  46  3:52  Lair  
  48  3:58  Drone x3, Extractor  
  50  4:04  Queen  
  50  4:05  Spine Crawler  
  51  4:12  Queen  
  51  4:14  Drone x4  
  57  4:19  Overlord  
  57  4:23  Zergling x2, Overlord  
  58  4:33  Zergling x2  
  58  4:38  Spore Crawler x2  
  57  4:42  Extractor  
  56  4:46  Drone x5  
  56  4:47  Drone x4  
  56  4:49  Overlord  
  65  4:56  Pneumatized Carapace  
  65  5:01  Hydralisk Den  
  64  5:08  Overseer  
  64  5:34  Drone x5  
  64  5:35  Drone x6  
  75  5:36  Drone x2  
  75  5:39  Drone x3  
  78  6:00  Muscular Augments  
  76  6:16  Drone x4  
  79  6:19  Spore Crawler  
  78  6:30  Baneling Nest  
  78  6:31  Evolution Chamber  
  78  6:32  Evolution Chamber x2  
  74  6:39  Extractor  
  73  6:40  Extractor  
  73  6:43  Zergling x2  
  73  6:46  Overlord x4  
  73  6:47  Overlord  
  73  6:53  Hatchery  
  69  7:09  Zergling x32  
  69  7:12  Grooved Spines  
  83  7:26  Zerg Missile Weapons Level 1, Zerg Ground Armor Level 1  
  83  7:27  Zerg Melee Weapons Level 1, Centrifical Hooks  
  83  7:31  Drone x6  
  89  7:54  Extractor  
  89  7:57  Spine Crawler  
  87  8:02  Zergling x10  
  92  8:23  Zergling x2  
  92  8:24  Zergling x24  
  92  8:27  Baneling x10  
  105  8:28  Baneling x8  
  105  8:29  Baneling  
  105  8:30  Baneling x2  
  105  8:39  Zergling x10  
  105  8:40  Zergling x6  
  113  8:45  Spine Crawler  
  113  8:47  Spore Crawler  
  80  9:13  Zergling x28  
  80  9:16  Queen  
  95  9:29  Zergling x14  
  88  9:37  Zerg Ground Armor Level 2, Zerg Missile Weapons Level 2  
  88  9:38  Overlord x3  
  86  10:03  Zerg Melee Weapons Level 2  
  86  10:04  Infestation Pit  
  85  10:07  Zergling x28  
  96  10:33  Lurker Den  
  96  10:34  Spire  
  94  10:36  Drone x7  
  94  10:39  Drone x10  
  111  11:00  Baneling x2  
  111  11:01  Baneling x22  
  111  11:04  Zergling x10  
  111  11:05  Zergling x24  
  128  11:19  Zergling x2  
  128  11:20  Zergling x12  
  128  11:24  Extractor  
  134  11:28  Extractor  
  125  11:41  Baneling x11  
  125  11:42  Baneling x9  
  124  11:54  Overlord, Baneling x14  
  124  11:55  Overlord x4  
  124  11:57  Hydralisk x6  
  124  12:00  Overlord x3  
  136  12:02  Hive  
  136  12:14  Zergling x30  
  138  12:19  Zergling x2  
  138  12:20  Zergling x18  
  148  12:23  Overseer  
  148  12:28  Overseer  
  148  12:35  Overseer  
  148  12:39  Hydralisk x8  
  148  12:40  Hydralisk  
  148  12:43  Lurker  
  148  12:44  Lurker x3  
  170  12:45  Lurker  
  135  13:23  Zergling x14  
  135  13:24  Zergling x30  
  135  13:29  Hydralisk  
Tags
 
Add a new tag
Caveats
  • Supply blocks, unpowered buildings, or Contaminate may cause inaccurate times.
  • Supply counts are checked every 10 seconds.